Map: 2000 Atmospheres LE

Players

Astrea - Winner!

  • Race: Protoss Protoss

Epic

  • Race: Terran Terran

Event: DreamHack SC2 Masters 2021 Fall

VOD

Have the link to the VOD?

Description

Time

  • Played on: Aug. 6, 2021, 3:46 p.m.
  • Length: 9:18

All games in this series

Show
View Real Time Build Order
Export as new Build Order

Astrea Protoss - Winner!

Build Orders: 1 Gate Expand, Phoenix Opening, Colossus Rush 

Get SALT Encoding   

  12  0:00  Probe  
  13  0:12  Probe  
  14  0:16  Pylon  
  14  0:24  Probe (Chrono Boost)  
  15  0:36  Gateway, Probe (Chrono Boost)  
  16  0:43  Probe (Chrono Boost)  
  16  0:45  Assimilator  
  17  0:51  Probe  
  18  1:03  Probe  
  19  1:15  Probe  
  20  1:21  Nexus  
  20  1:31  Cybernetics Core  
  20  1:34  Probe  
  21  1:41  Assimilator  
  21  1:46  Probe  
  22  1:50  Pylon  
  22  1:58  Probe  
  23  2:05  Adept (Chrono Boost)  
  23  2:06  Probe  
  23  2:14  Probe  
  26  2:21  Stargate  
  27  2:25  Probe  
  27  2:26  Warp Gate  
  28  2:30  Adept  
  28  2:33  Probe (Chrono Boost)  
  31  2:43  Probe (Chrono Boost)  
  33  2:44  Probe (Chrono Boost)  
  33  2:49  Probe (Chrono Boost)  
  33  2:50  Probe (Chrono Boost)  
  35  2:59  Probe  
  35  3:01  Probe  
  35  3:04  Phoenix  
  39  3:09  Robotics Facility  
  39  3:11  Probe (Chrono Boost)  
  40  3:15  Pylon  
  40  3:16  Probe (Chrono Boost)  
  41  3:24  Probe (Chrono Boost)  
  43  3:29  Phoenix  
  43  3:30  Assimilator, Probe x2 (Chrono Boost)  
  43  3:32  Assimilator  
  46  3:37  Probe  
  46  3:38  Pylon, Probe  
  48  3:49  Probe  
  48  3:50  Probe  
  48  3:54  Phoenix  
  52  3:58  Observer  
  52  4:01  Probe  
  52  4:02  Gateway x2, Probe  
  55  4:06  Pylon  
  55  4:12  Robotics Bay  
  55  4:14  Probe x2  
  57  4:22  Phoenix  
  59  4:26  Probe x2  
  59  4:30  Observer  
  62  4:38  Probe x2  
  63  4:41  Nexus  
  63  4:45  Pylon  
  64  4:46  Observer  
  64  4:48  Phoenix  
  64  4:50  Probe  
  67  4:54  Probe  
  68  5:01  Pylon  
  68  5:02  Probe  
  68  5:06  Probe  
  70  5:07  Colossus (Chrono Boost)  
  70  5:08  Sentry  
  78  5:19  Pylon, Probe x2  
  80  5:32  Probe x2  
  82  5:37  Extended Thermal Lance  
  82  5:38  Observer  
  82  5:40  Forge x2  
  82  5:42  Twilight Council  
  82  5:44  Probe x2  
  84  5:52  Colossus (Chrono Boost)  
  84  5:56  Probe x2  
  93  5:57  Probe  
  93  6:07  Observer  
  93  6:09  Observer, Probe (Chrono Boost)  
  93  6:10  Gateway  
  96  6:11  Protoss Ground Weapons Level 1 (Chrono Boost), Protoss Ground Armor Level 1 (Chrono Boost)  
  96  6:12  Gateway, Probe x2 (Chrono Boost)  
  96  6:14  Assimilator  
  96  6:15  Assimilator  
  97  6:18  Charge  
  97  6:20  Probe (Chrono Boost)  
  97  6:23  Probe x2 (Chrono Boost)  
  97  6:24  Probe (Chrono Boost)  
  99  6:32  Probe x2  
  97  6:35  Probe  
  98  6:41  Colossus (Chrono Boost)  
  98  6:44  Probe x2  
  106  6:47  Gateway  
  106  6:50  Gateway  
  106  6:51  Gateway  
  106  6:53  Pylon, Templar Archives  
  106  6:55  Pylon  
  106  7:11  Zealot  
  108  7:17  Zealot x4  
  108  7:18  Pylon  
  108  7:19  Pylon  
  108  7:20  Phoenix  
  118  7:26  Warp Prism (Chrono Boost)  
  118  7:34  Zealot  
  118  7:38  Probe x3  
  110  7:50  Observer, Probe x2  
  110  7:51  Zealot x3, Probe  
  113  7:52  Zealot x3  
  125  8:02  Pylon, Probe  
  125  8:03  Pylon  
  126  8:17  High Templar x3  
  126  8:18  High Templar x4  
  140  8:21  Archon x2  
  140  8:22  Archon  
  140  8:23  Zealot  
  140  8:25  Pylon  
  142  8:28  Nexus  
  127  8:51  Zealot x7  
  127  8:52  Zealot  
  127  8:55  Photon Cannon  
Show
View Real Time Build Order
Export as new Build Order

Epic Terran 

Build Orders:  

Get SALT Encoding   

  12  0:00  SCV  
  13  0:12  SCV  
  14  0:17  Supply Depot  
  14  0:25  SCV  
  15  0:38  SCV  
  15  0:40  Barracks  
  16  0:43  Refinery  
  16  0:50  SCV  
  17  1:02  SCV  
  18  1:14  SCV  
  19  1:26  Marine  
  19  1:27  Orbital Command  
  20  1:41  Command Center  
  20  1:46  Barracks Reactor  
  20  1:52  SCV  
  21  1:57  Supply Depot  
  21  2:04  SCV  
  22  2:10  Factory  
  22  2:17  SCV  
  22  2:21  Marine  
  22  2:22  Marine  
  25  2:23  Refinery  
  25  2:29  SCV  
  26  2:36  Bunker  
  26  2:40  Marine x2  
  26  2:41  SCV  
  29  2:53  SCV  
  29  2:55  Orbital Command  
  30  3:02  Armory  
  30  3:05  SCV  
  30  3:12  Starport  
  31  3:14  Factory Tech Lab  
  31  3:18  SCV  
  31  3:19  Marine  
  33  3:22  Marine  
  34  3:27  SCV  
  34  3:30  SCV  
  34  3:34  Widow Mine  
  38  3:40  SCV  
  39  3:42  SCV  
  39  3:44  Supply Depot  
  39  3:48  Drilling Claws  
  42  3:49  Medivac  
  42  3:53  SCV  
  42  3:54  SCV  
  46  3:58  Widow Mine  
  46  4:06  Supply Depot, SCV x2  
  48  4:11  Command Center  
  50  4:22  SCV x2  
  50  4:23  Widow Mine, Medivac  
  52  4:38  Barracks Tech Lab, Barracks  
  48  4:39  SCV x2  
  48  4:43  Barracks  
  48  4:44  Widow Mine, Engineering Bay  
  52  4:45  Refinery  
  52  4:51  Supply Depot  
  52  4:52  SCV x2  
  54  4:58  Marine, Stimpack  
  55  5:04  SCV x2  
  55  5:12  Terran Infantry Weapons Level 1  
  55  5:15  Supply Depot  
  55  5:17  Factory Reactor  
  55  5:19  SCV, Starport Reactor  
  56  5:23  SCV, Orbital Command  
  56  5:25  Refinery, Barracks  
  55  5:30  Marine x2, Barracks  
  55  5:31  Marine  
  55  5:34  SCV  
  55  5:35  SCV  
  58  5:38  Missile Turret  
  58  5:41  Missile Turret  
  58  5:46  SCV  
  58  5:47  SCV, Orbital Command  
  58  5:49  Barracks Reactor  
  56  5:57  Marine x2, Medivac x2, Marauder  
  56  6:00  SCV x2  
  66  6:06  Widow Mine x2  
  70  6:16  Combat Shield, Missile Turret  
  70  6:17  Marauder  
  72  6:19  Barracks Tech Lab  
  72  6:20  SCV x3  
  72  6:23  Marine x2  
  72  6:24  Marauder  
  79  6:27  Medivac  
  79  6:29  Medivac  
  81  6:33  SCV x3  
  81  6:35  Supply Depot  
  81  6:36  Supply Depot  
  81  6:38  Marine, Widow Mine x2  
  81  6:39  Marine  
  90  6:45  SCV x2  
  90  6:46  SCV  
  93  6:48  Supply Depot  
  93  6:56  Marine x2  
  93  6:57  Marauder x3  
  93  6:58  Marine x2  
  93  7:00  SCV x3  
  106  7:05  Medivac x2  
  107  7:12  SCV  
  107  7:13  Engineering Bay  
  105  7:16  SCV  
  105  7:17  SCV  
  105  7:20  Refinery x2  
  105  7:21  Marauder x2  
  111  7:24  Marine x4, SCV  
  114  7:30  SCV x2  
  114  7:32  Widow Mine  
  114  7:36  SCV  
  117  7:38  Widow Mine  
  117  7:42  SCV  
  117  7:43  SCV  
  113  7:46  Marauder x3  
  117  7:52  Marine x2  
  117  7:54  Medivac  
  117  7:55  Marine x2  
  117  7:56  Medivac  
  116  8:00  Missile Turret x2  
  116  8:03  Command Center  
  116  8:05  Ghost Academy  
  116  8:07  Supply Depot  
  116  8:08  Supply Depot  
  116  8:13  Marine, Supply Depot  
  116  8:16  Supply Depot  
  117  8:28  Viking x2  
  117  8:29  Marine x2, Widow Mine x2, Marauder x3  
  117  8:30  Supply Depot  
  133  8:34  Marine  
  133  8:40  Starport  
  128  8:52  Marine x2, Marauder x3  
  119  8:56  Widow Mine x2  

Tags
 
Add a new tag
Caveats
  • Supply blocks, unpowered buildings, or Contaminate may cause inaccurate times.
  • Supply counts are checked every 10 seconds.